[Event "Early-Titled-Tuesday-Blitz-May-14-2024"]
[Site "Chess.com"]
[Date "2024.05.14"]
[Round "5"]
[White "meoluoi91"]
[Black "Makswolf200817"]
[Result "0-1"]
[WhiteElo "2570"]
[BlackElo "2782"]
[TimeControl "180+1"]
[EndTime "8:58:23 PDT"]
[Termination "Makswolf200817 won by resignation"]

1. d4 d5 2. c4 e6 3. Nc3 c6 4. e3 Nf6 5. Nf3 Nbd7 6. Qc2 Bd6 7. b3 O-O 8. Bb2 b6 9. cxd5 exd5 10. Bd3 Re8 11. O-O Bb7 12. Rfd1 Qe7 13. Ne2 g6 14.
Rac1 Kg7 15. Nf4 Ne4 16. Bf1 h5 17. Nd3 f6 18. Nh4 Nf8 19. Nf4 Kh6 20. Bd3 Qf7 21.
Re1 Bb4 22. Re2 Bd6 23. Rce1 Bxf4 24. exf4 Nd6 25. g3 Rxe2 26. Rxe2 Re8 27. Ba3 Rxe2 28. Qxe2 Qd7 29. Qf3 f5 30. Qe3 Ne6 31. Qe5 Ne4 32.
Bxe4 dxe4 33. Bb2 Nf8 34. Qf6 Qg7 35. Qg5+ Kh7 36. h3 Ne6 37. Nxf5 Nxg5 38. Nxg7 Nf3+ 39. Kg2 Kxg7 40. d5+ Kf7 41. d6 Ke6 42. f5+ gxf5 43. g4 hxg4 44. hxg4 fxg4 45. Kg3 Kxd6 46. Kxg4 Kd5 47.
Kf4 Ne1 48. Bc3 Nd3+ 49. Ke3 Nc1 50. f3 exf3 51. Kxf3 Nxa2 0-1

[Event "Early-Titled-Tuesday-Blitz-May-14-2024"]
[Site "Chess.com"]
[Date "2024.05.14"]
[Round "5"]
[White "Triumphmate"]
[Black "BardArtem"]
[Result "0-1"]
[WhiteElo "2496"]
[BlackElo "2766"]
[TimeControl "180+1"]
[EndTime "8:58:23 PDT"]
[Termination "BardArtem won by checkmate"]

1. e4 e5 2. Nf3 Nc6 3. Nc3 Nf6 4.
Bb5 Bb4 5. O-O O-O 6. d3 Bxc3 7. bxc3 d6 8. Bg5 Ne7 9. Bxf6 gxf6 10. Nh4 Ng6 11.
Nxg6 hxg6 12. f4 Kg7 13. Qf3 c6 14. Ba4 Qe7 15. Rf2 a5 16. c4 Be6 17. Raf1 exf4 18.
Qxf4 f5 19. exf5 Bxf5 20. Qg3 Qe5 21. Rf4 Rae8 22. Kh1 b5 23. d4 Qe3 24. cxb5 Qxg3 25.
hxg3 cxb5 26. Bxb5 Rb8 27. c4 Be6 28. a4 f5 29. d5 Bf7 30. Re1 Kf6 31. c5 dxc5 32. Rc4 Bxd5 33. Rxc5 Be4 34. Kg1 Rbd8 35. g4 Rd2 36.
Re2 Rxe2 37. Bxe2 f4 38. g5+ Ke6 39. Rxa5 Rd8 40. Bc4+ Kd6 41. Ra7 Rc8 42. Bf1 Rc1 43.
Kf2 Rc2+ 44. Ke1 Ra2 45. Rf7 Ke5 46. Re7+ Kd4 47. Rf7 Ke3 48. Kd1 Ra1# 0-1

[Event "Early-Titled-Tuesday-Blitz-May-14-2024"]
[Site "Chess.com"]
[Date "2024.05.14"]
[Round "5"]
[White "dretch"]
[Black "CrushingKings"]
[Result "1-0"]
[WhiteElo "2892"]
[BlackElo "2627"]
[TimeControl "180+1"]
[EndTime "8:58:23 PDT"]
[Termination "dretch won by resignation"]

1. d4 g6 2. c4 Bg7 3. Nf3 d6 4. Nc3 Nd7 5. e4 e5 6. Be2 a5 7. O-O Ngf6 8. Qc2 O-O 9. Rd1 exd4 10. Nxd4 Re8 11. Bg5 c6 12. h3 Qb6 13. Be3 Nc5 14. Nb3 Bf8 15. Nxc5 dxc5 16. f4 Bf5 17. Bf3 Be6 18. Na4 Qa7 19. Bf2 h5 20. f5 Bc8 21.
fxg6 fxg6 22. Qc3 Bg7 23. Bxc5 b6 24. Bxb6 Qb8 25. Bd4 Qf4 26. Nc5 h4 27. Nd3 Qg5 28. Qc1 Qg3 29. Bf2 Qc7 30. e5 Nd7 31. Qg5 Nxe5 32.
Nxe5 Rxe5 33. Qxg6 Bf5 34. Qg5 Bc2 35. Qxh4 Bxd1 36. Rxd1 Qe7 37. Qxe7 Rxe7 38. Bxc6 Rc8 39. Bd5+ Kh8 40. b3 a4 41. b4 a3 42. b5 Rd7 43.
Rb1 Rb8 44. b6 Rd6 45. b7 Bb2 46. Bg3 Rxd5 47. Bxb8 Rc5 48. Rxb2 axb2 49. Be5+ Rxe5 50. b8=Q+ Kh7 51. Qxb2 1-0

[Event "Early-Titled-Tuesday-Blitz-May-14-2024"]
[Site "Chess.com"]
[Date "2024.05.14"]
[Round "5"]
[White "GMSrinath"]
[Black "CaspiIsrael"]
[Result "1/2-1/2"]
[WhiteElo "2829"]
[BlackElo "2615"]
[TimeControl "180+1"]
[EndTime "8:58:23 PDT"]
[Termination "Game drawn - insufficient material"]

1. Nf3 f5 2. c4 g6 3. Nc3 Bg7 4. d4 Nf6 5. g3 O-O 6. Bg2 d6 7. O-O Nc6 8. b3 e5 9. dxe5 dxe5 10. Ba3 Re8 11. Qxd8 Rxd8 12. Rad1 Rxd1 13. Rxd1 e4 14. Ne1 Be6 15. Nc2 a6 16. f3 exf3 17. exf3 f4 18. Ne2 fxg3 19. hxg3 Re8 20. Kf2 Bf8 21. Bxf8 Rxf8 22.
Nf4 Bc8 23. Ne3 Ne5 24. Nfd5 Ne4+ 25. Kg1 Nxf3+ 26. Bxf3 Rxf3 27. Nf1 Bh3 28. Nxc7 Bxf1 29. Rxf1 Rxf1+ 30. Kxf1 Nxg3+ 31. Kg2 Ne4 32. Ne6 b6 33.
Nc7 Nc5 34. b4 Na4 35. Nxa6 Kf7 36. Nc7 Kf6 37. Kf3 Ke5 38. Ke3 h5 39. Nd5 g5 40.
Ne7 h4 41. Nc6+ Kd6 42. Nd4 h3 43. Kf3 Nb2 44. Kg3 g4 45. Nf5+ Ke5 46. Ne3 Kd4 47.
c5 bxc5 48. Nf5+ Kc4 49. bxc5 Kxc5 50. Ne3 Kb4 51. Nxg4 Ka3 52. Kxh3 Kxa2 1/2-1/2

[Event "Early-Titled-Tuesday-Blitz-May-14-2024"]
[Site "Chess.com"]
[Date "2024.05.14"]
[Round "5"]
[White "Moon_stone123"]
[Black "Herzog2012"]
[Result "1/2-1/2"]
[WhiteElo "2615"]
[BlackElo "2546"]
[TimeControl "180+1"]
[EndTime "8:58:23 PDT"]
[Termination "Game drawn by agreement"]

1. d4 Nf6 2. Nf3 e6 3. c4 d5 4. Nc3 Bb4 5. Bg5 h6 6. Bxf6 Qxf6 7. e3 O-O 8. Rc1 c5 9. dxc5 dxc4 10. Bxc4 Nd7 11.
c6 Nb6 12. Be2 Nd5 13. cxb7 Bxb7 14. O-O Bxc3 15. bxc3 Nxc3 16. Qd2 Nxe2+ 17. Qxe2 Bxf3 18. Qxf3 Qxf3 19. gxf3 Rfc8 20. Rfd1 Kf8 21. Rxc8+ Rxc8 22. Rd7 a5 23. Ra7 Rc1+ 24. Kg2 Rc5 25. f4 Rh5 26. h3 g6 27. Kg3 Rb5 28. h4 Kg7 29. a4 Rc5 30.
Ra6 Kf6 31. Kf3 Rh5 32. e4 Rxh4 33. Rxa5 Rh1 34. Kg2 Ra1 35. Ra8 h5 36. Kg3 Ra3+ 37. f3 g5 38. fxg5+ Kxg5 39. Rg8+ Kf6 40. Rh8 Kg6 41. Ra8 Kf6 42. Ra5 Kg6 43. Kf4 h4 44. Ra8 h3 45. Rg8+ Kf6 46. Rh8 e5+ 47. Kg4 Rxa4 48.
Rh6+ Ke7 49. Rxh3 Ke6 50. Rh6+ f6 51. Rh8 Ra3 52. Rb8 Kf7 53. Rb7+ Kg6 54. Rb8 Ra1 55.
Rg8+ Kf7 56. Rb8 Rg1+ 57. Kh3 Rg5 1/2-1/2

[Event "Early-Titled-Tuesday-Blitz-May-14-2024"]
[Site "Chess.com"]
[Date "2024.05.14"]
[Round "5"]
[White "Likvidator228"]
[Black "patzer-reloaded"]
[Result "1/2-1/2"]
[WhiteElo "2537"]
[BlackElo "2402"]
[TimeControl "180+1"]
[EndTime "8:58:23 PDT"]
[Termination "Game drawn by repetition"]

1. d4 Nf6 2. Nf3 e6 3. Bf4 d5 4.
e3 Bd6 5. Bg3 O-O 6. Nbd2 c5 7.
c3 Qc7 8. Ne5 b6 9. f4 Ne4 10.
Nxe4 dxe4 11. Be2 Ba6 12. Nc4 Bxc4 13. Bxc4 Nd7 14. Bb3 Nf6 15. O-O Rfd8 16. Bh4 Be7 17. Bxf6 Bxf6 18. Bc2 Qc6 19. Qb1 Rac8 20. Bxe4 Qb5 21.
Bxh7+ Kf8 22. Bd3 Qc6 23. a4 g6 24. Qe1 Kg7 25. Be2 Rh8 26. Bf3 Qd6 27. g3 Qc7 28. Kg2 a6 29. Qe2 a5 30. Rad1 Rcd8 31. Rfe1 Qc8 32. Qb5 e5 33. g4 exf4 34. exf4 cxd4 35.
Qxb6 dxc3 36. bxc3 Qxc3 37. Rxd8 Rxd8 38. Re2 Rd2 39. Qf2 Rxe2 40. Qxe2 Bd4 41. h4 Qe3 42. Qxe3 Bxe3 43. Kg3 Bc5 44. g5 Bb4 45. Kg4 Be1 46. Bd5 Bf2 47. h5 gxh5+ 48. Kxh5 Be1 49. f5 f6 50. g6 Bb4 51. Kg4 Kh6 52. Kf3 Kg7 53. Ke4 Bf8 54. Kd4 Bb4 55. Kc4 Be1 56. Kb5 Bb4 57.
Kc6 Be1 58. Kd7 Bb4 59. Be6 Be1 60. Ke8 Bb4 61. Kd7 Be1 62. Kc6 Bb4 63. Kb5 Be1 64. Kc6 Bb4 65. Kb5 Bd2 66. Kc6 Bb4 1/2-1/2

[Event "Early-Titled-Tuesday-Blitz-May-14-2024"]
[Site "Chess.com"]
[Date "2024.05.14"]
[Round "5"]
[White "Aygehovit1992"]
[Black "Orest_Vovk"]
[Result "1-0"]
[WhiteElo "2863"]
[BlackElo "2671"]
[TimeControl "180+1"]
[EndTime "8:58:24 PDT"]
[Termination "Aygehovit1992 won on time"]

1. e4 g5 2. d4 g4 3. h3 d5 4. exd5 Qxd5 5. hxg4 Bg7 6. Be3 Nc6 7. c4 Qa5+ 8. Nc3 Nf6 9. Be2 Ne4 10. Qd3 Nxc3 11. Qxc3 Qxc3+ 12. bxc3 Bd7 13. f4 O-O-O 14. Nh3 h6 15.
Nf2 Na5 16. c5 b6 17. cxb6 axb6 18. Rh5 Bc6 19. Kf1 Bd5 20. Bf3 Bxf3 21. gxf3 Nc4 22.
Ke2 Kb7 23. a4 Ra8 24. Nd3 Ra7 25. Ne5 Nd6 26. f5 Bxe5 27. dxe5 Nc4 28. f4 Rha8 29. Rxh6 Rxa4 30. Rxa4 Rxa4 31. Rh7 Ra2+ 32. Kd3 Nb2+ 33. Ke4 Nd1 34. Bd4 c5 35. Rxf7 cxd4 36. Rxe7+ Kc6 37. Re6+ Kc7 38. cxd4 Re2+ 39. Kd3 Rf2 40. f6 Rxf4 41.
g5 Nf2+ 42. Ke3 Rf5 43. g6 Ng4+ 44. Ke4 Rf1 45. g7 Nh6 46. Re7+ Kc6 47. d5+ Kc5 48. Rc7+ Kb5 49. d6 Re1+ 50. Kf4 Rf1+ 51. Kg5 Rh1 52. d7 Nf7+ 53. Kf5 Rf1+ 54. Ke6 Ng5+ 55. Ke7 1-0

[Event "Early-Titled-Tuesday-Blitz-May-14-2024"]
[Site "Chess.com"]
[Date "2024.05.14"]
[Round "5"]
[White "Mikasinski"]
[Black "ProtectiveCarrot"]
[Result "1-0"]
[WhiteElo "2669"]
[BlackElo "2510"]
[TimeControl "180+1"]
[EndTime "8:58:24 PDT"]
[Termination "Mikasinski won on time"]

1. e4 c6 2. d4 d5 3. e5 Bf5 4. h4 a6 5. Ne2 Qc7 6. Ng3 Bd7 7. c4 e6 8. c5 b6 9. cxb6 Qxb6 10. Nc3 c5 11. Be3 Qxb2 12. Nge2 cxd4 13. Rb1 Qa3 14. Bxd4 Nc6 15. Rh3 Nxd4 16. Qxd4 Bc5 17. Qg4 Ne7 18. Qxg7 Rg8 19. Qxh7 Qa5 20. Qd3 Nc6 21. Qd2 Nxe5 22. Nd4 Rg4 23. Nb3 Qc7 24. Rc1 Ba3 25. Nxd5 Qd8 26. Nc7+ Kf8 27. Nxa8 Bxc1 28. Qd6+ Kg8 29. Qxe5 Bc6 30. Rg3 Qxh4 31. Rxg4+ Qxg4 32. Qg3 Qxg3 33. fxg3 Bb2 34. Nb6 Be5 35. Bxa6 Bxg2 36. Kf2 Bc6 37. Nc4 Bc7 38. Nd4 Bd5 39. a4 Bxc4 40. Bxc4 Bb6 41. Ke3 e5 42. Ke4 Bxd4 43. a5 Kg7 44. Kd5 Kg6 45. Kc6 e4 46. Bd5 e3 47. Bf3 Kg5 48.
Kd5 Ba7 49. Ke4 f5+ 50. Kd3 1-0

[Event "Early-Titled-Tuesday-Blitz-May-14-2024"]
[Site "Chess.com"]
[Date "2024.05.14"]
[Round "5"]
[White "talaicito"]
[Black "martinez_95"]
[Result "0-1"]
[WhiteElo "2376"]
[BlackElo "2172"]
[TimeControl "180+1"]
[EndTime "8:58:24 PDT"]
[Termination "martinez_95 won on time"]

1. d4 Nf6 2. Nc3 e6 3. Bf4 a6 4. e4 d5 5. e5 Nfd7 6. Be3 c5 7. Nce2 Nc6 8. c3 Qb6 9. Rb1 cxd4 10. cxd4 Bb4+ 11.
Nc3 Ndxe5 12. Nf3 Nxf3+ 13. gxf3 e5 14. a3 exd4 15. axb4 dxe3 16. Nxd5 exf2+ 17. Ke2 Qd8 18. Kxf2 Be6 19. Ne3 Qh4+ 20. Kg1 Rd8 21. Qe1 Qg5+ 22. Ng2 O-O 23. h4 Qe5 24. Qf2 Nd4 25. h5 Qf5 26.
Nh4 Qxb1 27. Kh2 Qc2 28. Qxc2 Nxc2 29. h6 g6 30. Rg1 Rd2+ 31. Kg3 Nxb4 32. f4 f5 33. Nf3 Rxb2 34. Ng5 Ba2 35. Bh3 Rb3+ 36. Kh4 Nd5 37. Bf1 Rb2 38. Kg3 Re8 39. Nh3 Re3+ 40.
Kh4 Rh2 41. Bg2 Nxf4 42. Rh1 Nxg2+ 43. Kg5 Rxh1 44. Kf6 Re6+ 45. Kg5 f4 0-1

[Event "Early-Titled-Tuesday-Blitz-May-14-2024"]
[Site "Chess.com"]
[Date "2024.05.14"]
[Round "5"]
[White "Arhan_Anand"]
[Black "Legendinunknown"]
[Result "1/2-1/2"]
[WhiteElo "2641"]
[BlackElo "2829"]
[TimeControl "180+1"]
[EndTime "8:58:26 PDT"]
[Termination "Game drawn - insufficient material"]

1. d4 Nf6 2. c4 c6 3. Nc3 d5 4. e3 e6 5. Nf3 Nbd7 6. Be2 Bd6 7. O-O O-O 8. b3 b6 9. Bb2 Bb7 10. Bd3 Qe7 11. e4 dxe4 12. Nxe4 Nxe4 13. Bxe4 Nf6 14.
Bc2 c5 15. dxc5 Bxc5 16. Qe2 Rad8 17. Rad1 h6 18. h3 Bd6 19. Ne5 Bb8 20. Ng4 Nxg4 21. Qxg4 f5 22. Qg6 Qf7 23. Qxf7+ Kxf7 24. Rfe1 g6 25.
Kf1 Bc7 26. f3 Bg3 27. Rxd8 Rxd8 28. Rd1 Rxd1+ 29. Bxd1 e5 30. Bc3 e4 31. fxe4 Bxe4 32. Bf3 Bd3+ 33. Kg1 Bb1 34. a3 Ba2 35. Bd5+ Ke7 36.
b4 b5 37. Bd4 bxc4 38. Bxa7 Kd6 39. Bf3 Ke6 40. Be3 c3 41. Kf1 f4 42. Bc1 Bc4+ 43. Be2 Kd5 44. b5 g5 45. a4 h5 46. a5 g4 47. hxg4 hxg4 48. a6 Bxe2+ 49. Kxe2 f3+ 50. gxf3 gxf3+ 51. Kxf3 Bb8 52. Be3 c2 53. Ke2 Ba7 54. Bf4 Kc4 55. Kd2 Kxb5 56. Kxc2 Kxa6 1/2-1/2

[Event "Early-Titled-Tuesday-Blitz-May-14-2024"]
[Site "Chess.com"]
[Date "2024.05.14"]
[Round "5"]
[White "Denis_Makhnyov"]
[Black "GothamChess"]
[Result "1-0"]
[WhiteElo "2988"]
[BlackElo "2725"]
[TimeControl "180+1"]
[EndTime "8:58:27 PDT"]
[Termination "Denis_Makhnyov won on time"]

1. d4 d5 2. c4 dxc4 3. Nf3 Nf6 4.
Nc3 a6 5. e4 b5 6. e5 Nd5 7.
Ng5 e6 8. Qf3 Qd7 9. Be2 Bb7 10.
Qh3 h6 11. O-O Nc6 12. Rd1 Rg8 13. Nge4 Be7 14. Be3 Ncb4 15. Rd2 Nxc3 16. Nxc3 Nd5 17. Bh5 Nxe3 18. fxe3 g6 19. Bf3 c5 20. Qxh6 O-O-O 21. Bxb7+ Qxb7 22. Qf4 cxd4 23. exd4 Bb4 24. a4 Rd7 25.
axb5 axb5 26. Rdd1 Rgd8 27. Ne4 Qc6 28. Qe3 Qb6 29. Ra8+ Kb7 30. Rxd8 Rxd8 31. Kf2 Rd7 32. h4 Qd8 33. g3 Be7 34. b3 cxb3 35. Qxb3 Qb6 36.
Ke3 Rd5 37. Kf4 Rxd4 38. Rxd4 Qxd4 39. Qxb5+ Kc7 40. Qe8 Qd7 41. Qxf7 g5+ 42. hxg5 Kb6 43. Nd6 Kc5 44. g6 Kd4 45. g7 Qc6 46. Qxe6 Qc1+ 47.
Kf3 Qf1+ 48. Kg4 Qe2+ 49. Kf5 Qh5+ 50. Kf4 Qg5+ 51. Kf3 Qh5+ 52. Qg4+ 1-0

[Event "Early-Titled-Tuesday-Blitz-May-14-2024"]
[Site "Chess.com"]
[Date "2024.05.14"]
[Round "5"]
[White "SlavenPastar"]
[Black "Cherepov_Alexej"]
[Result "1/2-1/2"]
[WhiteElo "2635"]
[BlackElo "2425"]
[TimeControl "180+1"]
[EndTime "8:58:28 PDT"]
[Termination "Game drawn by repetition"]

1. Nf3 Nf6 2. g3 b6 3. Bg2 Bb7 4. O-O g6 5. b3 Bg7 6. Bb2 O-O 7. c4 c5 8. d3 d5 9. cxd5 Bxd5 10.
Nc3 Bb7 11. Qc2 Nc6 12. a3 Rc8 13. Rac1 Nd4 14. Qd1 Nxf3+ 15. exf3 Qd7 16. Ne4 Rfd8 17. Re1 Qxd3 18. Qxd3 Rxd3 19. Bf1 Rxb3 20. Bxf6 Bxf6 21. Nxf6+ exf6 22. Bc4 Rxa3 23. Re7 Bxf3 24. Rxf7 b5 25.
Rc7+ bxc4 26. Rxc8+ Kf7 27. Rxc5 Be2 28. f4 h5 29. Kf2 Bd3 30. Ke3 Ra2 31. Kd4 Rxh2 32. Re1 Kg7 33. Rc7+ Kh6 34. Ree7 g5 35. Rc6 gxf4 36.
Rxf6+ Kg5 37. Rxf4 Re2 38. Rg7+ Kh6 39. Rxa7 Re6 40.
Ra5 Rg6 41. Rf3 Be2 42. Re3 Rg4+ 43. Kc3 Bd3 44. Ra6+ Rg6 45. Ra5 Rg5 46. Ra6+ Rg6 47. Ra7 Kg5 48. Kd4 Kg4 49. Rf7 Kh3 50. Rff3 Kg2 51.
Ke5 Rg5+ 52. Kf4 Rg4+ 53. Ke5 Rg5+ 54. Kd4 Rg4+ 55. Ke5 Rg5+ 1/2-1/2

[Event "Early-Titled-Tuesday-Blitz-May-14-2024"]
[Site "Chess.com"]
[Date "2024.05.14"]
[Round "5"]
[White "AlexanderKing"]
[Black "Mihajlovskij"]
[Result "1-0"]
[WhiteElo "2554"]
[BlackElo "2246"]
[TimeControl "180+1"]
[EndTime "8:58:29 PDT"]
[Termination "AlexanderKing won on time"]

1. Nf3 Nf6 2. c4 g6 3. g3 Bg7 4. Bg2 O-O 5. O-O d6 6. Nc3 c5 7. d4 Nc6 8. dxc5 dxc5 9. Bf4 Qa5 10. Qa4 Be6 11. Rac1 Qb4 12. Ne5 Nxe5 13. Bxe5 Qxc4 14. Qxc4 Bxc4 15. Bxb7 Rad8 16. b3 Be6 17. Rfd1 c4 18. b4 Rxd1+ 19. Rxd1 Nd7 20. Bxg7 Kxg7 21. Bd5 Bxd5 22.
Rxd5 Nb6 23. Ra5 Ra8 24. Ra6 e6 25. a4 Nd5 26. Nxd5 exd5 27. Rc6 f5 28. e3 a6 29. Rc5 Rb8 30. b5 axb5 31. axb5 c3 32. Rxd5 Rc8 33. Rd1 Kf6 34. b6 Ke5 35. b7 Rb8 36. Rc1 Rxb7 37. Rxc3 h5 38. Rc6 Ke4 39. Kg2 g5 40. Rh6 f4 41. gxf4 gxf4 42. Rxh5 fxe3 43. Rh4+ Kd3 44.
Rh3 Rg7+ 45. Kf1 Re7 46. Rf3 Kd2 47. fxe3 Rxe3 48. Kg2 Re2+ 49. Rf2 Ke3 50. Rxe2+ Kxe2 51. h4 Ke3 52. h5 Ke4 53. h6 Ke5 54. h7 Kd4 55.
h8=Q+ 1-0

[Event "Early-Titled-Tuesday-Blitz-May-14-2024"]
[Site "Chess.com"]
[Date "2024.05.14"]
[Round "5"]
[White "wonderfultime"]
[Black "DonkyDonkyDonkey"]
[Result "1-0"]
[WhiteElo "3071"]
[BlackElo "2908"]
[TimeControl "180+1"]
[EndTime "8:58:31 PDT"]
[Termination "wonderfultime won by resignation"]

1. d4 Nf6 2. Nf3 g6 3. c4 Bg7 4. g3 O-O 5. Bg2 d5 6. O-O dxc4 7. Na3 c3 8. bxc3 c5 9. Nc4 Nc6 10. Nfe5 Nxe5 11. Nxe5 Nd5 12. Bb2 cxd4 13. cxd4 Be6 14. Nd3 Rc8 15. e3 b6 16. Qa4 Bd7 17. Qxa7 Bb5 18.
Qa3 Bc4 19. Rfc1 Ra8 20. Rxc4 Rxa3 21. Bxa3 Qd7 22. Rac1 h6 23. Nf4 Nxf4 24. gxf4 Bf6 25. Bb4 Qb5 26. a3 g5 27. d5 Rd8 28. fxg5 hxg5 29.
h3 Kg7 30. Rg4 Rxd5 31. Bxd5 Qxd5 32. h4 Qf5 33. Rcc4 b5 34. Rcf4 Qb1+ 35. Kg2 Qc2 36. Rf3 Kg6 37. hxg5 Bxg5 38. Bxe7 f5 39. Rxg5+ Kf7 40.
Bb4 Ke6 41. Rgxf5 Qe4 42. Rf4 Qg6+ 43. Rg3 Qc2 44. e4 Qb1 45. Bc3 Qc2 46. Rf6+ Ke7 47. Rg7+ Ke8 48. Re6+ Kf8 49. Rg3 Kf7 50. Rf6+ Ke7 51.
Rf4 Ke6 52. Bd4 Qc4 53. Rf6+ Ke7 54. Rg7+ Ke8 55. Rh6 1-0

[Event "Early-Titled-Tuesday-Blitz-May-14-2024"]
[Site "Chess.com"]
[Date "2024.05.14"]
[Round "5"]
[White "KirAk47"]
[Black "Andrei_Skvortsov"]
[Result "0-1"]
[WhiteElo "2461"]
[BlackElo "2758"]
[TimeControl "180+1"]
[EndTime "8:58:31 PDT"]
[Termination "Andrei_Skvortsov won by resignation"]

1. c4 g6 2. g3 Bg7 3. Bg2 e6 4. Nf3 d5 5. O-O Ne7 6. d3 O-O 7. Nbd2 d4 8. b4 a5 9. b5 e5 10.
Ba3 Nd7 11. Qc2 h6 12. c5 c6 13. bxc6 bxc6 14. Nc4 Nd5 15. Nfd2 Ba6 16. Nd6 N7f6 17. N2c4 Qe7 18. Rab1 Nc3 19. Rb2 e4 20. Nb6 Nxe2+ 21. Qxe2 Bxd3 22. Qd2 Bxf1 23. Bxf1 Rab8 24. Qxa5 e3 25. Qe1 Ng4 26. f3 Ne5 27. Kg2 Qe6 28. Nbc4 Rxb2+ 29. Bxb2 Nxf3 30. Kxf3 Qd5+ 31. Ke2 d3+ 32.
Kxe3 Bxb2 33. Nxb2 Qxc5+ 34. Kxd3 Qxd6+ 35. Kc2 Rb8 36.
Bc4 Qf6 37. Bb3 h5 38. Qe2 Rd8 39. Nc4 Qf5+ 40. Kb2 Qf6+ 41. Kc2 Qf5+ 42. Kb2 Kf8 43. Qe5 Rd2+ 44. Kc3 Qxe5+ 45. Nxe5 Rxh2 46. Nxc6 Rh3 47. a4 h4 48. a5 hxg3 49. Bd5 g2+ 50. Kb4 g1=Q 51.
a6 Qb1+ 52. Kc5 Qa1 53. Kd6 Rd3 54. Kc7 Qxa6 55. Be6 fxe6 0-1

[Event "Early-Titled-Tuesday-Blitz-May-14-2024"]
[Site "Chess.com"]
[Date "2024.05.14"]
[Round "5"]
[White "laurenzchess"]
[Black "NovoselovRoman"]
[Result "0-1"]
[WhiteElo "2490"]
[BlackElo "2648"]
[TimeControl "180+1"]
[EndTime "8:58:31 PDT"]
[Termination "NovoselovRoman won by resignation"]

1. d4 d5 2. c4 e6 3. Nf3 Nf6 4. Nc3 Be7 5. Bf4 a6 6. c5 O-O 7.
e3 Nc6 8. a3 a5 9. Bb5 Bd7 10. O-O b6 11. Bxc6 Bxc6 12. Ne5 Bb7 13. b4 c6 14. Na4 b5 15. Nb6 Ra6 16. a4 bxa4 17. Rxa4 Rxb6 18. cxb6 Bxb4 19. Bg5 Qxb6 20. Bxf6 gxf6 21. Nd7 Qb5 22. Nxf8 Kxf8 23. Ra1 Ba6 24.
Qh5 Qd3 25. Qh4 Ke7 26. Rfc1 Bc4 27. Rab1 Bb5 28. Qg3 Bd6 29. Qg8 a4 30. Qa8 a3 31.
Ra1 f5 32. Rxc6 Bxc6 33. Qxc6 a2 34. g3 Qb1+ 35. Qc1 Qb3 36. Kg2 Bb4 37. Qc7+ Kf6 38. Qa7 Ba3 39. Qa8 Kg7 40. h4 Qb2 41. Rh1 a1=Q 42.
Rxa1 Qxa1 43. Qd8 h6 44. h5 Qc3 45. g4 fxg4 46. Kg3 Qc6 47. Kxg4 Qd6 48. Qh4 Qe7 49. Qh2 Qg5+ 50. Kf3 Bd6 51. Qh1 Qf5+ 52. Ke2 Qc2+ 53. Kf3 Qe4+ 0-1

[Event "Early-Titled-Tuesday-Blitz-May-14-2024"]
[Site "Chess.com"]
[Date "2024.05.14"]
[Round "5"]
[White "ChessSG1"]
[Black "Grossboss19"]
[Result "0-1"]
[WhiteElo "2472"]
[BlackElo "2635"]
[TimeControl "180+1"]
[EndTime "8:58:31 PDT"]
[Termination "Grossboss19 won on time"]

1. c4 e5 2. g3 Nf6 3. Bg2 Nc6 4. Nc3 Bc5 5. e3 O-O 6. a3 a5 7. Nge2 Re8 8. O-O Bf8 9. d4 d6 10. h3 h5 11. d5 Ne7 12. e4 h4 13. Bg5 Ng6 14. gxh4 Be7 15. Ng3 Nh7 16. Bxe7 Qxe7 17. h5 Nf4 18. Nf5 Bxf5 19. exf5 Qh4 20. Qg4 Qf6 21. Ne4 Qh6 22. Bf3 Kh8 23. Kh2 Rg8 24. Rg1 Nf6 25. Qg5 Nxe4 26. Bxe4 Nxh5 27. Rg4 Qxg5 28.
Rxg5 Nf6 29. Rag1 g6 30. fxg6 Nxe4 31. g7+ Rxg7 32. Rxg7 Rf8 33. R7g4 Nf6 34. Rh4+ Nh7 35. c5 f5 36. cxd6 cxd6 37. Rg6 Rd8 38. Rgh6 Rd7 39.
Rf6 f4 40. Re6 Kg7 41. Rg4+ Kf7 42. Reg6 Nf6 43. Rg7+ Ke8 44. Rxd7 Nxg4+ 45. hxg4 Kxd7 46. Kh3 Ke7 47. f3 Kf6 48. Kh4 Kg6 49. a4 Kh6 50. g5+ Kh7 51. Kg4 Kg6 52. Kh4 Kh7 53. Kh5 e4 0-1

[Event "Early-Titled-Tuesday-Blitz-May-14-2024"]
[Site "Chess.com"]
[Date "2024.05.14"]
[Round "5"]
[White "TitarovVasiliYouTube"]
[Black "FXDon77"]
[Result "0-1"]
[WhiteElo "2627"]
[BlackElo "2877"]
[TimeControl "180+1"]
[EndTime "8:58:32 PDT"]
[Termination "FXDon77 won on time"]

1. Nf3 d5 2. g3 Nd7 3. d4 Ngf6 4. Bg2 Nb6 5. O-O Bf5 6. a4 a5 7. b3 h6 8. Ne5 e6 9. c4 c6 10. Nc3 Bb4 11. Bb2 O-O 12. c5 Bxc3 13. Bxc3 Nbd7 14.
Nxd7 Nxd7 15. Qd2 b6 16. cxb6 Qxb6 17. b4 axb4 18. Bxb4 c5 19. dxc5 Nxc5 20. Qd4 Rfc8 21. a5 Qb5 22. Bxc5 Qxc5 23. Qd2 Qc2 24. Rfd1 Qxd2 25. Rxd2 Rxa5 26. Re1 Rac5 27. h3 Rc1 28. Rxc1 Rxc1+ 29. Kh2 Rc2 30. Rxc2 Bxc2 31. e3 Kf8 32.
g4 Ke7 33. Kg3 Kd6 34. f4 Bd3 35. h4 Kc5 36. g5 h5 37. Bf3 g6 38. Kf2 Kb4 39.
Bd1 Bb5 40. Bf3 Bc6 41. Ke2 Kc3 42. Kf2 Kd2 43. Be2 Ba4 44. Ba6 Kc3 45. Be2 d4 46.
exd4 Kxd4 0-1

[Event "Early-Titled-Tuesday-Blitz-May-14-2024"]
[Site "Chess.com"]
[Date "2024.05.14"]
[Round "5"]
[White "scarabee43"]
[Black "KononenkoD"]
[Result "1-0"]
[WhiteElo "2823"]
[BlackElo "2615"]
[TimeControl "180+1"]
[EndTime "8:58:33 PDT"]
[Termination "scarabee43 won on time"]

1. Nf3 c5 2. b3 f6 3. Bb2 e5 4. e3 d5 5. d4 cxd4 6. exd4 e4 7. Nfd2 Bb4 8. a3 Ba5 9. c4 Ne7 10. Be2 O-O 11. O-O f5 12. Nc3 Be6 13. b4 Bc7 14. Nb5 Nbc6 15. Nxc7 Qxc7 16. Rc1 Qd7 17. Nb3 b6 18. b5 Nd8 19. c5 f4 20. c6 Qc7 21.
Rc3 Rf6 22. f3 Nf7 23. a4 Rd8 24. Na1 Nf5 25. Nc2 Rh6 26. Bc1 e3 27. Bd3 Qe7 28.
Qe1 Qg5 29. Bxf5 Bxf5 30. g4 fxg3 31. Bxe3 Qh5 32. Qxg3 Rg6 33. Nb4 Rxg3+ 34. hxg3 Qh3 35. Bf2 Be6 36. Re1 Rc8 37. Rce3 Nd8 38. Nd3 h5 39. Nf4 Qf5 40. Re5 Qf7 41. Nxe6 Nxe6 42. Rxe6 Rf8 43. f4 Qf5 44. R6e5 Qc2 45. Rxh5 Qxa4 46. Rxd5 Qb4 47. Rde5 Qc4 48. Be3 a5 49. Rc1 Qf7 50. d5 a4 51.
d6 a3 52. Bd4 Qb3 53. Rg5 1-0

[Event "Early-Titled-Tuesday-Blitz-May-14-2024"]
[Site "Chess.com"]
[Date "2024.05.14"]
[Round "5"]
[White "MdChess1734"]
[Black "Manukyan_Artak"]
[Result "1-0"]
[WhiteElo "2396"]
[BlackElo "2558"]
[TimeControl "180+1"]
[EndTime "8:58:34 PDT"]
[Termination "MdChess1734 won by resignation"]

1. e4 c6 2. Nf3 d5 3. Nc3 dxe4 4. Nxe4 Nf6 5. Qe2 Nxe4 6. Qxe4 Qd5 7. Qh4 Qe6+ 8. Be2 Qg4 9. d4 Qxh4 10. Nxh4 e6 11.
Nf3 c5 12. Be3 b6 13. Ne5 Bb7 14. Bb5+ Ke7 15. dxc5 f6 16. c6 Bc8 17. Nc4 Kf7 18. O-O-O Be7 19. c7 Na6 20. Bc6 Nxc7 21. Bxa8 Nxa8 22.
Nd6+ Bxd6 23. Rxd6 Nc7 24. c4 e5 25. Rhd1 Ne6 26. b3 Re8 27. Kb2 h5 28. h4 g5 29.
hxg5 fxg5 30. a4 h4 31. a5 g4 32. axb6 axb6 33. Rxb6 h3 34. gxh3 gxh3 35. Rh1 Nd4 36. Rh6 Rg8 37. Rh5 Kf6 38. Kc3 Ne2+ 39. Kd2 Nf4 40. Bxf4 exf4 41. b4 Bg4 42. Rh6+ Kg5 43. Rd6 Rh8 44. Rd3 f3 45. Rd4 h2 46. c5 Kh4 47.
Rxh2+ 1-0

[Event "Early-Titled-Tuesday-Blitz-May-14-2024"]
[Site "Chess.com"]
[Date "2024.05.14"]
[Round "5"]
[White "Incognizance"]
[Black "alvarorodriguezavila"]
[Result "0-1"]
[WhiteElo "1983"]
[BlackElo "2312"]
[TimeControl "180+1"]
[EndTime "8:58:34 PDT"]
[Termination "alvarorodriguezavila won on time"]

1. d4 Nf6 2. c4 Nc6 3. Nc3 e5 4. dxe5 Nxe5 5. Nf3 Nxc4 6. e3 Nb6 7. a4 Bb4 8. a5 Nbd5 9. Bd2 Nxc3 10. bxc3 Be7 11. Bc4 O-O 12. O-O d5 13. Bb3 Ne4 14. Qc2 Bf5 15.
Nd4 Bg6 16. Qd1 c5 17. Nf3 Bf6 18. Rc1 Qxa5 19. c4 Nxd2 20. Nxd2 dxc4 21. Nxc4 Qc7 22.
Qf3 b5 23. Nd2 c4 24. Bc2 Rfd8 25. Ne4 Bxe4 26. Bxe4 Rab8 27. Qf5 Qe5 28. Qxh7+ Kf8 29. Bc6 g6 30. Rfd1 b4 31. Qh6+ Bg7 32. Qh4 Bf6 33. Qh6+ Ke7 34. Qh3 b3 35. Rd7+ Rxd7 36. Qxd7+ Kf8 37.
Bd5 Qe7 38. Qxe7+ Bxe7 39. Bxc4 b2 40. Rb1 Bf6 41. Kf1 Rc8 42. Ba2 Rc2 43. g3 a5 44. Kg2 a4 45. Kf3 a3 46. Bb3 Rc1 47.
Ba2 Ke7 48. Ke2 Rc2+ 49. Kf3 Bc3 50. h4 Kf6 51. Ke4 Rxf2 52. Kd3 Be5 0-1